 Dungeon Crawl Stone Soup version 0.6.0-a1-1468-g2033e2a character file.

32010 Kyrris the Reanimator (level 12, -1/73 (76) HPs)
             Began as a Vampire Wizard on Dec 15, 2009.
             Was a High Priest of Kikubaaqudgha.
             Slain by a shiny naga barding (10 damage)
             ... on Level 12 of the Dungeon on Dec 16, 2009.
             The game lasted 03:22:31 (33422 turns).

Kyrris the Reanimator (Vampire Wizard)             Turns: 33422, Time: 03:22:31

HP  -1/73 (76)   AC  6     Str  7 Exp: 12/43014 (1), need: 485
MP   0/32        EV 12     Int 23      God: Kikubaaqudgha [*****.]
Gold 1901        SH  0     Dex 12      Spells: 13 memorised,  5 levels left

Res.Fire  : + . .   See Invis. : +   b - staff of death
Res.Cold  : + . .   Warding    : .   j - +2 orc leather armour {rF+}
Life Prot.: . . .   Conserve   : .   (no shield)
Res.Poison: .       Res.Corr.  : .   i - +0 wizard hat
Res.Elec. : .       Clarity    : +   z - +0 elf cloak Spirit.Shd: .
                                     (no gloves)
Sust.Abil.: .       Rnd.Telep. : .   (no boots)
Res.Mut.  : .       Ctrl.Telep.: .   v - amulet of clarity
Res.Rott. : .       Levitation : .   w - ring of ice
Res.Slow  : .       Ctrl.Flight: .   e - ring of protection from fire
Saprovore : . . .

@: repel missiles (expiring), regenerating quickly, mildly poisoned, somewhat
resistant to magic, very stealthy
A: see invisible, sharp teeth 3
a: Receive Corpses, Renounce Religion


You were on level 12 of the Dungeon.
You worshipped Kikubaaqudgha.
Kikubaaqudgha was exalted by your worship.
You were very full.

You visited 3 branches of the dungeon, and saw 22 of its levels.

You collected 1882 gold pieces.
You spent 1 gold pieces at shops.

Inventory:

Hand weapons
 a - a +3,+1 short sword of venom
Armour
 i - a +0 wizard hat (worn)
 j - a +2 orcish leather armour of fire resistance (worn)
 m - a +1 orcish leather armour
 z - a +0 elven cloak (worn)
Magical devices
 d - a wand of random effects (0)
 k - a wand of disintegration (2)
 o - a wand of flame (5)
 q - a wand of polymorph other (0)
 F - a wand of confusion (0)
Scrolls
 l - a scroll of fog
 n - 3 scrolls of teleportation
 s - a scroll of detect curse
 x - 3 scrolls of blinking
 y - a scroll of identify
Jewellery
 e - a ring of protection from fire (left hand)
 f - an uncursed amulet of controlled flight
 g - an uncursed ring of sustain abilities
 t - an uncursed ring of protection from fire
 u - the ring of Khef Pho {Wiz MUT}
   (You found it on level 6 of the Dungeon)

   [ring of wizardry]

   It emits mutagenic radiation.
 v - an amulet of clarity (around neck)
 w - a ring of ice (right hand)
 D - an uncursed ring of protection from cold
Potions
 c - 5 potions of healing
 p - a potion of restore abilities
 A - a potion of brilliance
 B - a potion of heal wounds
Magical staves
 b - a staff of death (weapon)
 h - a staff of air {Air} You had 1 experience left.


   Skills:
 + Level 4 Fighting
 - Level 3 Short Blades
 + Level 4 Staves
 - Level 6 Dodging
 - Level 6 Stealth
 - Level 2 Stabbing
 + Level 2 Traps & Doors
 + Level 1 Unarmed Combat
 + Level 13 Spellcasting
 - Level 1 Conjurations
 - Level 2 Enchantments
 - Level 6 Summonings
 - Level 13 Necromancy
 - Level 1 Translocations
 + Level 3 Ice Magic
 - Level 1 Air Magic
 - Level 1 Poison Magic
 + Level 3 Evocations


You had 5 spell levels left.
You knew the following spells:

 Your Spells              Type           Power        Success   Level
a - Pain                  Necr           #####        Excellent   1
b - Repel Missiles        Air/Ench       ####......   Excellent   2
c - Mephitic Cloud Pois/Air/Conj ###.......     Very         Good        3
d - Summon Small Mammals  Summ           #####        Excellent   1
e - Vampiric Draining     Necr           ########..   Excellent   3
f - Dispel Undead         Necr           ########.    Excellent   4
g - Corpse Rot            Necr           N/A          Excellent   2
i - Levitation            Air/Ench       ####......   Excellent   2
n - Regeneration          Ench/Necr      #######...   Excellent   3
o - Apportation           Tloc           ####......   Excellent   1
p - Twisted Resurrection  Necr           ########..   Excellent   5
q - Blink                 Tloc           N/A          Great       2
v - Ozocubu's Armour      Ice/Ench       ######....   Great       3

Overview of the Dungeon

Branches:
Temple (1/1): D:4 Orc (0/4): D:10 Lair (8/8): D:11 Swamp (0/5): Lair:4 Slime (0/6): Lair:5 Snake (0/5): Lair:3 Hive (0/2): D:11

Altars:
The Shining One: D:3 Okawaru: D:7, Lair:7 Makhleb: Lair:8 Jiyva: Lair:5 Fedhas: D:5

Shops:
Lair:5: ! Lair:6: % Lair:8: ?


Innate Abilities, Weirdness & Mutations

Your natural rate of healing is unusually fast.
You can bottle blood from corpses with 'c'.
You have supernaturally acute eyesight.
You have razor-sharp teeth.
Press '!' to toggle between mutations and properties depending on your hunger status.


Message History

The shiny naga barding is unaffected.
The hill giant resists.
The very large slime creature looks frightened!
The slime creature looks frightened!
The centaur looks frightened!
The shiny naga barding hits you! The shiny naga barding poisons you!

####### ###### ......#
#############...># ......#
#........###.....# ......#
#........#.#.....# ......#
#.####...#.#.....# #.# ......#
#.####.######...># [.# ......#
#.#..).########### #.# ......#
#.#.##......# #.# #.# * ** * *
......# #.#.##...[..####.# #.# , ,
,, ......# #.#..'...........# #.# *
*** * ......# #.####....).(.#..# #.#
......# #....####'#......# #.#
#######
#.##.####.#.#.##.###.###########
#.##......#'#[#................#
#.#####......@#..%.......#####.#####
#...........cJ#.########.# #........
###############......C#.#.....,#.#
#.#.#####
.............########J#.#...##,#.#
#.#.# ,, ######.......#
#c#.#....#.#.# #.#.#, * ..#
#.......# #.#.#<.....#.# #.#.# * *
#.# #.......########'#.#....###.#
#.#.#,** #.#
#.......##..H...H....(..+ ..# #.#.#,
,, #.# #.......##..........#...#*###
#.#.#,* #.#
#.......##..........#...# #.#)#,*
#.# ####'#####.%........#?..#
#.#,***** #.# #.# #######.#'##...#
#####.#,#..,* #.# #.# #.#.##...#
#...%.#,#.#,* ..# #.# *****
#.#.##...###'#####+#.#,* ### #.#
*,,,,* #.#.##...............#,* #.#
*,,,,* #.#.##...............#,* #.#
*,,,, *#.#.#####............#,* ####
#.# *,,,,,,..#...Jc(............#,*


You could see a very large slime creature (fleeing), a slime creature (fleeing),
a hill giant, a manticore (fleeing), a mimic and 2 centaurs.

Vanquished Creatures
  Erica (Lair:2)
  A hydra (D:12)
  A hill giant (D:12)
  An elephant slug (Lair:7)
  2 unseen horrors
  A large large abomination (Lair:4)
  A slime creature (D:12)
  A trapdoor spider (Lair:6)
  5 giant toads
  3 black mambas
  3 giant snails
  A griffon zombie (D:12)
  3 komodo dragons
  9 blink frogs
  A shark (D:10)
  A troll (D:12)
  A giant toad zombie (D:12)
  4 spiny frogs
  4 hippogriffs
  Edmund (D:7)
  3 giant slugs
  12 yaks
  A wraith (D:10)
  A manticore (D:12)
  A fire drake (D:11)
  2 giant blowfly zombies
  6 swamp worms (Lair:2)
  13 big kobolds
  3 ogres
  A phantom (D:3)
  5 centaurs
  6 giant lizards
  5 gila monsters
  4 war dogs
  3 ice beasts
  A wyvern zombie (D:12)
  A yellow wasp (D:12)
  14 orc warriors
  4 water moccasins
  9 giant frogs
  A steam dragon (Lair:2)
  4 jellyfish (D:10)
  A big fish (D:5)
  15 killer bees
  Menkaure (D:6)
  2 imps
  6 orc priests
  A wight (D:12)
  A killer bee zombie (D:9)
  7 hounds
  8 giant ants
  12 orc wizards
  2 shadows (D:11)
  5 giant iguanas
  10 ballistomycetes
  4 scorpions
  Ijyb (D:7)
  An electric eel (D:11)
  4 jellies
  9 gnolls
  12 snakes
  2 worms
  5 giant centipedes
  A giant mite (Lair:8)
  A giant iguana zombie (D:7)
  20 green rats
  4 oozes
  A giant eyeball (D:9)
  7 giant cockroaches
  10 giant geckos
  9 goblins
  52 grey rats
  19 hobgoblins
  16 jackals
  46 orcs
  14 rats
  3 small snakes
  13 giant bats
  5 giant newts
  2 giant spores
  28 kobolds
  12 quokkas
  A fungus (D:6)
  13 toadstools
531 creatures vanquished.

Vanquished Creatures (collateral kills)
  The ghost of fish the Thaumaturge, a powerful SpVM of Vehumet (Lair:5)
  An elephant slug (Lair:7)
  4 oklob plants (Lair:3)
  A black mamba (Lair:7)
  A giant toad (Lair:7)
  3 giant snails
  4 komodo dragons
  3 spiny frogs
  A hippogriff (Lair:3)
  11 blink frogs
  The ghost of hash the Insei, an average KeMo (D:5)
  7 yaks
  A fire drake (Lair:6)
  A giant slug (Lair:8)
  2 giant goldfish (D:11)
  2 ogres
  A phantom (D:4)
  4 gila monsters
  A giant lizard (Lair:7)
  An ice beast (D:5)
  2 war dogs
  2 giant frogs
  A water moccasin (Lair:8)
  A jellyfish (Lair:2)
  A giant beetle (D:11)
  3 imps
  3 hounds
  An orc priest (D:4)
  2 orc wizards
  2 scorpions
  A quasit (D:8)
  12 ballistomycetes (D:9)
  3 giant iguanas (Lair:2)
  A jelly (D:5)
  5 gnolls
  9 worms
  3 snakes
  3 green rats (Lair:6)
  An ooze (D:2)
  2 giant geckos
  5 goblins
  25 grey rats
  4 hobgoblins
  4 jackals (Lair:2)
  4 kobolds
  7 orcs
  7 rats
  10 giant bats
  A giant cockroach (D:1)
  A giant newt (D:1)
  2 giant spores (D:9)
  A quokka (Lair:2)
  8 plants
  3 toadstools
191 creatures vanquished.

Vanquished Creatures (others)
  5 large large abominations
  2 slime creatures (D:12)
  5 small abominations
  A killer bee (D:9)
  A green rat (Lair:6)
  47 giant bats
  43 grey rats
  A hobgoblin (D:7)
  A jackal (Lair:1)
  3 orcs
  2 kobolds
  39 quokkas
  61 rats
  26 toadstools
237 creatures vanquished.

Grand Total: 959 creatures vanquished

Notes
Turn   | Place    | Note
--------------------------------------------------------------
     0 | D:1      | Kyrris, the Vampire Wizard, began the quest for the Orb.
     0 | D:1      | Reached XP level 1. HP: 7/7 MP: 6/6
   449 | D:1      | Reached XP level 2. HP: 12/12 MP: 2/8
   455 | D:1      | Learned a level 2 spell: Repel Missiles
   458 | D:1      | Learned a level 2 spell: Blink
  3767 | D:1      | Reached XP level 3. HP: 13/18 MP: 5/10
  4562 | D:2      | Reached skill 4 in Spellcasting
  4569 | D:2      | Learned a level 3 spell: Mephitic Cloud
  5655 | D:2      | Reached XP level 4. HP: 23/23 MP: 7/13
  6107 | D:3      | Reached XP level 5. HP: 27/29 MP: 3/15
  6569 | D:3      | Reached skill 1 in Stabbing
  6644 | D:3      | Found a glowing golden altar of the Shining One.
  6881 | D:4      | Reached skill 1 in Short Blades
  6901 | D:4      | Got a distressingly furry leather armour
  7020 | D:4      | Identified the +2 leather armour "Jorphupent" (You found it on level 4 of the Dungeon)
  7231 | D:4      | Reached XP level 6. HP: 5/34 MP: 8/17
  7463 | D:4      | Found a staircase to the Ecumenical Temple.
  7481 | Temple   | Entered the Ecumenical Temple
  7548 | Temple   | Became a worshipper of Kikubaaqudgha
  7999 | D:4      | Reached skill 5 in Spellcasting
  8115 | D:5      | Entered Level 5 of the Dungeon
  8209 | D:5      | Found a blossoming altar of Fedhas.
  8298 | D:5      | Noticed an oklob plant
  8382 | D:5      | Reached skill 5 in Summonings
  8575 | D:5      | Reached XP level 7. HP: 40/40 MP: 18/19
  8701 | D:5      | Noticed hash's ghost
  8744 | D:5      | Defeated hash's ghost
  8879 | D:5      | Acquired Kikubaaqudgha's first power
  8879 | D:5      | Received a gift from Kikubaaqudgha
  8894 | D:5      | Learned a level 1 spell: Pain
  9131 | D:5      | Reached skill 1 in Necromancy
  9178 | D:5      | Learned a level 3 spell: Vampiric Draining
  9207 | D:5      | Reached skill 6 in Spellcasting
  9518 | D:6      | Got a vibrating silver ring
  9525 | D:6      | Noticed Menkaure
  9531 | D:6      | Learned a level 4 spell: Dispel Undead
  9535 | D:6      | Defeated Menkaure
  9567 | D:6      | Identified the ring of Khef Pho (You found it on level 6 of the Dungeon)
  9596 | D:6      | Reached skill 5 in Necromancy
  9832 | D:6      | Reached XP level 8. HP: 41/45 MP: 18/21
 10554 | D:7      | Noticed Ijyb
 10566 | D:7      | Defeated Ijyb
 10585 | D:7      | Reached skill 1 in Fighting
 10586 | D:7      | Reached skill 7 in Spellcasting
 10846 | D:7      | Noticed Edmund
 10865 | D:7      | Defeated Edmund
 11666 | D:6      | Reached XP level 9. HP: 33/52 MP: 8/23
 12112 | D:7      | Reached skill 8 in Spellcasting
 12448 | D:7      | Found an iron altar of Okawaru.
 12464 | D:7      | Received a gift from Kikubaaqudgha
 12469 | D:7      | Learned a level 2 spell: Corpse Rot
 13199 | D:8      | Reached skill 1 in Translocations
 14289 | D:9      | Reached skill 9 in Spellcasting
 14303 | D:9      | Reached XP level 10. HP: 62/62 MP: 15/27
 14744 | D:9      | Reached skill 1 in Staves
 14890 | D:9      | Acquired Kikubaaqudgha's second power
 14890 | D:9      | Received a gift from Kikubaaqudgha
 15119 | D:10     | Found a staircase to the Orcish Mines.
 15119 | D:10     | Entered Level 10 of the Dungeon
 15225 | D:9      | Reached skill 1 in Traps & Doors
 16207 | D:10     | HP: 3/62 [unseen horror (7)]
 16212 | D:10     | Reached skill 5 in Stealth
 16615 | D:11     | Got a pair of slimy gloves
 16622 | D:11     | Learned a level 5 spell: Twisted Resurrection
 16635 | D:11     | Reached skill 5 in Dodging
 17340 | D:11     | Found a staircase to the Hive.
 17574 | D:11     | Reached skill 1 in Air Magic
 17611 | D:11     | Reached skill 1 in Evocations
 17726 | D:11     | Reached skill 10 in Necromancy
 17767 | D:11     | Identified the cursed -5 pair of gloves of Intuition (You found it on level 11 of the Dungeon)
 17778 | D:11     | Learned a level 3 spell: Ozocubu's Armour
 17778 | D:11     | Reached skill 10 in Spellcasting
 18315 | D:11     | Found a staircase to the Lair.
 18552 | Lair:1   | Entered Level 1 of the Lair of Beasts
 18751 | Lair:1   | Reached skill 1 in Poison Magic
 18804 | Lair:1   | Reached XP level 11. HP: 36/68 MP: 2/28
 19449 | Lair:1   | You fall through a shaft!
 19450 | Lair:2   | Reached skill 1 in Ice Magic
 19807 | Lair:2   | Reached skill 11 in Necromancy
 21302 | Lair:1   | Acquired Kikubaaqudgha's third power
 21614 | Lair:2   | Noticed Erica
 21624 | Lair:2   | Defeated Erica
 22483 | Lair:2   | Learned a level 2 spell: Levitation
 23270 | Lair:3   | Found a staircase to the Snake Pit.
 23342 | Lair:3   | Learned a level 1 spell: Apportation
 24877 | Lair:2   | Learned a level 3 spell: Regeneration
 25275 | Lair:5   | Reached skill 12 in Necromancy
 25544 | Lair:5   | Reached XP level 12. HP: 50/73 MP: 17/31
 25728 | Lair:4   | Found a staircase to the Swamp.
 25809 | Lair:5   | Defeated fish's ghost
 25973 | Lair:5   | Found a viscous altar of Jiyva.
 25974 | Lair:5   | Found Ylediumpe's Distillery.
 25974 | Lair:5   | Found a staircase to the Slime Pits.
 25988 | Lair:5   | Bought a potion of confusion for 1 gold piece
 26821 | Lair:6   | Noticed a trapdoor spider
 26830 | Lair:6   | Defeated a trapdoor spider
 26941 | Lair:6   | Found Ghein's Food Shoppe.
 27761 | Lair:5   | You fall through a shaft!
 27901 | Lair:5   | Found a viscous altar of Jiyva.
 27902 | Lair:5   | Found a staircase to the Slime Pits.
 29480 | Lair:7   | Found an iron altar of Okawaru.
 29524 | Lair:7   | Reached skill 13 in Necromancy
 29863 | Lair:8   | Entered Level 8 of the Lair of Beasts
 30123 | Lair:8   | Identified a rod of striking (You found it on level 3 of the Lair of Beasts)
 30125 | Lair:8   | Found a burning altar of Makhleb.
 30757 | Lair:8   | Found Crut's Magic Scroll Boutique.
 30865 | Lair:8   | Identified a scroll of acquirement
 33345 | D:12     | Reached skill 1 in Conjurations
 33420 | D:12     | HP: 2/73 [shiny naga barding (8)]
 33422 | D:12     | Slain by a shiny naga barding
